 Dungeon Crawl Stone Soup version 0.14-a0-788-g14b720c (webtiles) character file.

223 Malachi the Chucker (level 5, 0/36 HPs)
             Began as a Formicid Hunter on Nov 10, 2013.
             Succumbed to poison (a potion of poison)
             ... on Level 3 of the Dungeon.
             The game lasted 00:03:11 (2398 turns).

Malachi the Chucker (Formicid Hunter)               Turns: 2398, Time: 00:03:11

HP   0/36        AC  4     Str 18      XL: 5   Next: 36%
MP   4/4         EV 11     Int 10      God:
Gold 114         SH  0     Dex 11      Spells:  0 memorised,  4 levels left

Res.Fire  : + . .   See Invis. : +   j - +0,+2 spear (pain)
Res.Cold  : . . .   Warding    : .   d - +0 leather armour
Life Prot.: + . .   Conserve   : .   (no shield)
Res.Poison: x       Res.Corr.  : .   (helmet unavailable)
Res.Elec. : .       Clarity    : .   (no cloak)
Sust.Abil.: . .     Spirit.Shd : .   (no gloves)
Res.Mut.  : .       Stasis     : +   (no boots)
Res.Rott. : .       Flight     : .   (no amulet)
Saprovore : . . .                    q - ring of protection from fire
                                     h - ring of positive energy

@: quite poisoned, slightly resistant to hostile enchantments, unstealthy
A: permanent stasis, dig shafts and tunnels, four strong arms, poison weakness,
antennae 3, exoskeleton 1
a: Dig, Shaft Self


You were on level 3 of the Dungeon.
You were not hungry.

You visited 1 branch of the dungeon, and saw 3 of its levels.

You collected 114 gold pieces.

Inventory:

Hand weapons
 a - a +0,+0 short sword
 j - a +0,+2 spear of pain (weapon)
Missiles
 c - 2 throwing nets (quivered)
Armour
 d - a +0 leather armour (worn)
Magical devices
 r - a wand of polymorph (13) {unknown}
Comestibles
 f - 3 bread rations
 u - a rotting chunk of giant newt flesh
Scrolls
 e - 3 scrolls of identify
 i - 2 scrolls of enchant weapon I {unknown}
 k - a scroll of blinking {unknown}
 l - 2 scrolls of magic mapping {unknown}
 m - a scroll of curse armour {unknown}
 n - a scroll of recharging {unknown}
 o - a scroll of amnesia {unknown}
 w - a scroll of fog {unknown}
Jewellery
 h - a ring of positive energy (left hand)
 p - an uncursed ring of ice
 q - a ring of protection from fire (right hand)


   Skills:
 + Level 2.4 Fighting
 - Level 1.1 Short Blades
 + Level 0.2 Polearms
 + Level 3.9 Throwing
 + Level 2.5 Armour
 + Level 2.7 Dodging
 - Level 1.2 Stealth


You had 4 spell levels left.
You didn't know any spells.

Dungeon Overview and Level Annotations

Branches:
Dungeon (3/27)

Altars:


Innate Abilities, Weirdness & Mutations

Your are under a permanent stasis effect.
You can dig through walls and to a lower floor.
Your four strong arms can wield any weapon, most with a shield.
You are susceptible to poison.
You have a pair of large antennae on your head (SInv).
Your body is surrounded by an exoskeleton. (HP +5, AC +1)


Message History

You throw a large rock.
The orc priest invokes the aid of Beogh against you.
Something smites you!
* * * LOW HITPOINT WARNING * * *
Drink which item? (? for menu, Esc to quit)
That liquid tasted very nasty...
You are poisoned.
It was a potion of poison.
* * * LOW HITPOINT WARNING * * *
You feel sick.
* * * LOW HITPOINT WARNING * * *
You feel sick.
* * * LOW HITPOINT WARNING * * *
You feel sick.
* * * LOW HITPOINT WARNING * * *
You feel sick.
The orc priest unwields an uncursed orcish dagger.
The orc priest drops an uncursed orcish dagger.
The orc priest picks up an orcish hand axe.
The orc priest wields an orcish hand axe.
You die...

... ####.# $ ....#.# #..
..#.#<# { ### .. #.. ..#@#.#
..## ...##.. ..#.#.# #.#.
#....##+#.#.#.# #.#.
#....##.#.#.#.# #.#.
#....##.#.#.#.###########.##
#....##.#.#.#........)..((..
+..(((o...o....[............
#....####.#............#....
#...#####.############.#..>.


You could see an orc priest.

Vanquished Creatures
  An orc priest (D:3)
  4 adders
  A giant gecko (D:2)
  3 orcs (D:3)
  A ball python (D:2)
  2 goblins
  4 hobgoblins
  4 bats
  2 giant cockroaches (D:1)
  7 giant newts
  5 kobolds
  5 rats
39 creatures vanquished.

Notes
Turn   | Place    | Note
--------------------------------------------------------------
     0 | D:1      | Malachi, the Formicid Hunter, began the quest for the Orb.
     0 | D:1      | Reached XP level 1. HP: 17/17 MP: 0/0
   140 | D:1      | Reached XP level 2. HP: 20/22 MP: 1/1
   881 | D:2      | Reached XP level 3. HP: 24/26 MP: 2/2
  1392 | D:2      | Reached skill level 1 in Armour
  1408 | D:2      | Reached XP level 4. HP: 18/32 MP: 3/3
  2321 | D:3      | Reached XP level 5. HP: 16/36 MP: 4/4
  2397 | D:3      | HP: 1/36 [poison (a potion of poison)]
  2398 | D:3      | Succumbed to poison (a potion of poison)

Action                   |  1- 3 |  4- 6 || total
-------------------------+-------+-------++-------
Melee: Short sword       |    38 |       ||    38
       Spear             |    55 |    46 ||   101
Throw: Large rock        |     4 |    10 ||    14
  Use: Scroll            |     2 |       ||     2
       Potion            |     1 |     1 ||     2
 Stab: Sleeping          |     2 |       ||     2
